 Dungeon Crawl Stone Soup version 0.23.2-1-ga50397a (webtiles) character file.

Game seed: 12110347331892020617

347 Nukog the Changer (level 6, -9/54 HPs)
             Began as a Troll Transmuter on May 6, 2019.
             Killed by divine providence
             ... invoked by an orc priest
              (13 damage)
             ... on level 4 of the Dungeon.
             The game lasted 00:05:50 (2695 turns).

Nukog the Changer (Troll Transmuter)                Turns: 2695, Time: 00:05:51

Health: -9/54      AC:  7    Str: 21    XL:     6   Next: 33%
Magic:  6/6        EV:  5    Int:  9    God:
Gold:   191        SH: 13    Dex: 10    Spells: 3/7 levels left

rFire    . . .     SeeInvis .   b - +2 hunting sling (flame)
rCold    . . .     Gourm    +   p - +0 large shield
rNeg     . . .     Faith    .   q - +0 robe
rPois    .         Spirit   .   (helmet restricted)
rElec    .         Reflect  .   o - +0 cloak
rCorr    .         Harm     .   (gloves unavailable)
MR       .....                  (boots unavailable)
Stlth    +.........             (no amulet)
HPRegen  0.58/turn              h - ring of flight
MPRegen  0.10/turn              (no ring)

@: no status effects
A: large, unfitting armour, claws 3, fast metabolism 3, gourmand, regeneration
1, shaggy fur 1, tough skin 3
a: Evoke Flight


You were on level 4 of the Dungeon.
You were hungry.

You visited 1 branch of the dungeon, and saw 4 of its levels.

You collected 191 gold pieces.

Inventory:

Hand Weapons
 b - a +2 hunting sling of flaming (weapon)
Missiles
 a - 12 arrows
 r - 70 stones (quivered)
 u - 22 sling bullets
Armour
 o - a +0 cloak (worn)
 p - a +0 large shield (worn)
 q - a +0 robe (worn)
Jewellery
 h - a ring of flight (left claw)
Wands
 n - a wand of polymorph (12)
Scrolls
 c - 2 scrolls of identify
 e - a scroll of noise {unknown}
 g - a scroll of amnesia {unknown}
 j - a scroll of fog {unknown}
 k - 2 scrolls of teleportation {unknown}
 m - a scroll of remove curse
 s - a scroll of enchant weapon {unknown}
 t - a scroll of immolation {unknown}
Potions
 f - a potion of resistance {unknown}
 i - 2 potions of might {unknown}
 l - 2 potions of curing {unknown}
 v - 2 potions of brilliance {unknown}
 w - 2 potions of cancellation {unknown}
Comestibles
 d - 5 rations


   Skills:
 - Level 0.7 Fighting
 - Level 1.5 Dodging
 + Level 2.4 Shields
 - Level 3.0 Unarmed Combat
 - Level 1.2 Spellcasting
 - Level 3.6 Transmutations
 - Level 2.3 Poison Magic


You had 3 spell levels left.
You knew the following spells:

 Your Spells              Type           Power        Failure   Level  Hunger
a - Beastly Appendage     Tmut           #.....       77%         1    ##.....
b - Spider Form           Tmut/Pois      #.........   99%         3    ####...

Your spell library contained the following spells:

 Spells                   Type           Power        Failure   Level  Hunger
 Sticks to Snakes         Tmut           #.......     88%         2    ###....
 Ice Form                 Ice/Tmut       #.......     100%        4    #####..
 Blade Hands              Tmut           #.........   100%        5    ######.


Dungeon Overview and Level Annotations

Branches:
Dungeon (4/15)
 Temple: D:4-7

Altars:
Ashenzari
Nemelex Xobeh


Innate Abilities, Weirdness & Mutations

You are too large for most types of armour.
You have claws for hands.
Your metabolism is lightning-fast.
You like to eat raw meat.
Your natural rate of healing is unusually fast.
You are covered in fur. (AC +1)
You have extremely tough skin. (AC +3)


Message History

You shoot a stone. The stone hits the orc priest!
The stone burns the orc priest.
The orc priest is severely wounded.
You are feeling hungry.
You block the orc priest's attack.
Firing (i - inventory. (/) - cycle)
r - 72 stones (quivered)
Press: ? - help, Shift-Dir - straight line, f/p - orc priest
Aim: an orc priest, wielding a +0 club and wearing a +0 scale mail (severely wounded)
You shoot a stone.
The stone hits the orc priest but does no damage.
The orc priest is severely wounded.
The orc priest hits you with a +0 club.
* * * LOW HITPOINT WARNING * * *
Firing (i - inventory. (/) - cycle)
r - 71 stones (quivered)
Press: ? - help, Shift-Dir - straight line, f/p - orc priest
Aim: an orc priest, wielding a +0 club and wearing a +0 scale mail (severely wounded)
You shoot a stone. The stone barely misses the orc priest.
The orc priest calls down the wrath of Beogh upon you.
Beogh smites you!
You die...

#.##########
#.# #.# #.#
#.# #.# #.#
##########.#
((....)o@.>#
##.....#####
+.....
#......
(._(...
(......
..?....
..⌠....


You could see an orc priest.

Vanquished Creatures
  Crazy Yiuf (D:2)
  3 orc priests
  4 orc wizards
  4 adders
  2 oozes (D:3)
  A worm (D:2)
  A dart slug (D:1)
  A leopard gecko (D:1)
  15 orcs
  4 bats
  4 giant cockroaches
  5 goblins
  7 hobgoblins
  3 frilled lizards
  9 kobolds
  5 rats (D:1)
69 creatures vanquished.

Notes
Turn   | Place    | Note
-------+----------+-------------------------------------------
     0 | D:1      | Nukog the Troll Transmuter began the quest for the Orb.
     0 | D:1      | Reached XP level 1. HP: 18/18 MP: 1/1
    86 | D:1      | Reached XP level 2. HP: 18/26 MP: 2/2
   583 | D:2      | Reached XP level 3. HP: 25/32 MP: 3/3
   607 | D:2      | Learned a level 3 spell: Spider Form
   896 | D:2      | Found a runed translucent door.
   897 | D:2      | Noticed Crazy Yiuf
  1011 | D:2      | Killed Crazy Yiuf
  1011 | D:2      | Reached skill level 1 in Poison Magic
  1011 | D:2      | Reached XP level 4. HP: 20/40 MP: 0/4
  1808 | D:3      | Found a sparkling altar of Nemelex Xobeh.
  1922 | D:3      | Reached XP level 5. HP: 33/46 MP: 5/5
  2112 | D:3      | Reached skill level 1 in Shields
  2203 | D:3      | Reached XP level 6. HP: 25/54 MP: 6/6
  2668 | D:4      | Found a shattered altar of Ashenzari.
  2695 | D:4      | Killed from afar by an orc priest

Skill      XL: |  1  2  3  4  5  6 |
---------------+-------------------+-----
Transmutations | 2 3 |  3.6
Poison Magic   | 1 2 |  2.3
Shields        | 1 2 |  2.4
Fighting       | |  0.7
Dodging        | |  1.5
Unarmed Combat | |  3.0
Spellcasting   | |  1.2

Action                   |  1- 3 |  4- 6 || total
-------------------------+-------+-------++-------
Melee: Unarmed           |    66 |    39 ||   105
 Fire: Hunting sling     |       |   137 ||   137
 Cast: Spider Form       |     2 |       ||     2
  Use: Scroll            |       |     2 ||     2
 Stab: Sleeping          |       |     1 ||     1
  Eat: Chunk             |    13 |     9 ||    22
Armor: Robe              |    25 |    51 ||    76
Dodge: Dodged            |    28 |    27 ||    55
Block: Large shield      |       |    69 ||    69
